 Dungeon Crawl Stone Soup version 0.20.2-3-g29329e0561 (webtiles) character file.

295 Alfie the Covered (level 6, -7/55 HPs)
             Began as a Minotaur Fighter on Sept 30, 2020.
             Mangled by an ogre
             ... wielding a +0 giant spiked club
              (12 damage)
             ... on level 4 of the Dungeon.
             The game lasted 00:06:11 (2051 turns).

Alfie the Covered (Minotaur Fighter)                Turns: 2051, Time: 00:06:11

Health: -7/55      AC:  8    Str: 22    XL:     6   Next: 11%
Magic:  5/5        EV:  8    Int:  5    God:
Gold:   160        SH: 10    Dex: 10    Spells: 4/5 levels left

rFire    . . .     SeeInvis .   a - +0 long sword
rCold    . . .     Gourm    .   c - +0 shield
rNeg     . . .     Faith    .   b - +1 scale mail
rPois    .         Spirit   .   (helmet restricted)
rElec    .         Reflect  .   (no cloak)
rCorr    .         Harm     .   (no gloves)
MR       .....                  (no boots)
Stlth    ..........             (no amulet)
Regen    0.2/turn               (no ring)
MPRegen  0.1/turn               (no ring)

@: lethally poisoned (-7 -> -9), very slow
A: retaliatory headbutt, horns 2
a: no special abilities


You were on level 4 of the Dungeon.
You were not hungry.

You visited 1 branch of the dungeon, and saw 4 of its levels.

You collected 160 gold pieces.

Inventory:

Hand Weapons
 a - a +0 long sword (weapon)
Armour
 b - a +1 scale mail (worn)
 c - a +0 shield (worn)
Wands
 t - a wand of digging (12/24)
Scrolls
 g - a scroll of magic mapping
 i - 2 scrolls of identify
 k - 2 scrolls of remove curse
 l - a scroll of fear
 o - 2 scrolls of teleportation
Potions
 d - 3 potions of might
 e - 2 potions of heal wounds {unknown}
 h - a potion of curing
 j - a potion of mutation {unknown}
 n - a potion of brilliance {unknown}
 q - a potion of agility {unknown}
 r - a potion of lignification {unknown}
Comestibles
 f - 2 bread rations
 m - 2 meat rations
 p - a royal jelly


   Skills:
 + Level 4.8 Fighting
 + Level 4.8 Long Blades
 + Level 5.4 Armour
 + Level 0.7 Dodging
 + Level 4.7 Shields


You had 4 spell levels left.
You knew the following spells:

 Your Spells              Type           Power        Failure   Level  Hunger
a - Infusion              Chrm           #...         99%         1    ##.....


Dungeon Overview and Level Annotations

Branches:
Dungeon (4/15)
 Temple: D:4-7

Altars:
Kikubaaqudgha
Sif Muna
Trog
Uskayaw
Vehumet

Shops:
D:4 [(*


Innate Abilities, Weirdness & Mutations

You reflexively headbutt those who attack you in melee.
You have a pair of horns on your head.


Message History

* * * LOW HITPOINT WARNING * * *
You block the ogre's attack.
You hit the ogre.
The ogre is moderately wounded.
The worker ant bites you.
* * * LOW HITPOINT WARNING * * *
You block the ogre's attack.
Your unstable footing causes you to fumble your attack.
You feel sick.
The worker ant bites you but does no damage.
The worker ant waves its antennae.
The worker ant bites you but does no damage.
Your unstable footing causes you to fumble your attack.
You block the ogre's attack.
The worker ant bites you but does no damage.
The worker ant barely misses you.
You hit the ogre.
The ogre is heavily wounded.
The ogre hits you with a giant spiked club!
You die...

.........#♣≈≈≈≈≈≈
..........P♣≈≈≈≈≈≈≈≈≈≈≈≈
..........≈♣♣≈≈≈≈≈≈≈≈≈≈♣
8..##.....≈≈≈≈≈≈≈≈≈≈≈≈P≈
.......#..#♣≈≈≈≈≈≈≈≈≈P≈≈
∩.8.....∩.#♣≈≈≈≈≈≈≈≈≈≈♣
.####......≈≈≈≈≈≈≈≈PP≈♣
8####....#.≈♣≈≈≈≈≈≈≈♣≈♣≈
.##......###♣♣≈a@O≈≈≈≈≈♣
..........##♣♣≈♣♣≈≈PP♣≈#
†...##.......≈≈≈≈≈≈≈≈≈#
≈..##..#.##..a♣PP≈≈≈♣≈#
≈≈.##.##.###..≈aP≈≈♣♣ #
...##.##.# ####♣≈≈♣♣
≈≈###.##.. ≈≈♣ ≈##
#..... ...# ## ######.
...#


You could see an ogre and a worker ant.

Vanquished Creatures
  A scorpion (D:4)
  A hound (D:3)
  An orc wizard (D:3)
  Terence (D:3)
  A worker ant (D:4)
  Robin (D:2)
  4 adders
  2 worms
  5 dart slugs
  2 leopard geckos
  4 orcs (D:3)
  7 bats
  A giant cockroach (D:1)
  16 goblins
  6 hobgoblins
  4 jackals (D:4)
  2 kobolds
  A quokka (D:4)
  2 ball pythons (D:2)
  A frilled lizard (D:1)
  7 rats
70 creatures vanquished.

Notes
Turn   | Place    | Note
-------+----------+-------------------------------------------
     0 | D:1      | Alfie the Minotaur Fighter began the quest for the Orb.
     0 | D:1      | Reached XP level 1. HP: 19/19 MP: 0/0
    90 | D:1      | Reached XP level 2. HP: 27/27 MP: 1/1
   106 | D:1      | Reached skill level 4 in Armour
   556 | D:2      | Reached XP level 3. HP: 26/33 MP: 2/2
   861 | D:2      | Noticed Robin
   875 | D:2      | Killed Robin
   875 | D:2      | Reached XP level 4. HP: 25/41 MP: 3/3
   912 | D:2      | Found a hide-covered altar of Uskayaw.
  1375 | D:3      | Noticed Terence
  1384 | D:3      | Killed Terence
  1384 | D:3      | Reached XP level 5. HP: 33/47 MP: 4/4
  1406 | D:3      | Reached skill level 5 in Armour
  1589 | D:3      | Found a deep blue altar of Sif Muna.
  1590 | D:3      | Found an ancient bone altar of Kikubaaqudgha.
  1591 | D:3      | Found a radiant altar of Vehumet.
  1595 | D:3      | Identified Sif Muna's Tome of Aid
  1599 | D:3      | Learned a level 1 spell: Infusion
  1692 | D:3      | Found a bloodstained altar of Trog.
  1957 | D:4      | Found Naaqaan's General Store.
  1957 | D:4      | Found Yliemebesk's Weapon Emporium.
  1968 | D:4      | Noticed Eustachio
  1982 | D:4      | Found Assat's Armour Boutique.
  2025 | D:4      | Reached XP level 6. HP: 32/55 MP: 5/5
  2051 | D:4      | Mangled by an ogre

Skill      XL: |  1  2  3  4  5 |
---------------+----------------+-----
Armour         | 4 5 |  5.4
Fighting       | 4 |  4.8
Shields        | 4 |  4.7
Long Blades    | 3 4 |  4.8
Dodging        | |  0.7

Action                   |  1- 3 |  4- 6 || total
-------------------------+-------+-------++-------
Melee: Long sword        |    71 |   106 ||   177
       Headbutt          |    16 |    19 ||    35
  Use: Potion            |     1 |       ||     1
       Scroll            |       |     7 ||     7
  Eat: Bread ration      |       |     1 ||     1
       Fruit             |       |     1 ||     1
Armor: Scale mail        |    44 |    38 ||    82
Dodge: Dodged            |    28 |    27 ||    55
Block: Shield            |    55 |    64 ||   119
       Rpst.: Long sword |     7 |     6 ||    13
